 Dungeon Crawl Stone Soup version 0.21.1-1-g345015f (webtiles) character file.

749 Kairos the Cudgeler (level 7, -4/52 HPs)
             Began as a Demonspawn Skald on Mar 26, 2018.
             Slain by Duvessa
             ... wielding a +2 short sword of speed
              (12 damage)
             ... on level 5 of the Dungeon.
             The game lasted 00:10:44 (4469 turns).

Kairos the Cudgeler (Demonspawn Skald)              Turns: 4469, Time: 00:10:45

Health: -4/52      AC:  6    Str: 13    XL:     7   Next: 48%
Magic:  11/11      EV: 12    Int: 14    God:
Gold:   266        SH:  0    Dex: 13    Spells: 8/11 levels left

rFire    . . .     SeeInvis .   g - +2 mace (protect)
rCold    . . .     Gourm    .   (no shield)
rNeg     . . .     Faith    .   b - +0 leather armour
rPois    +         Spirit   .   (no helmet)
rElec    .         Reflect  .   (no cloak)
rCorr    .         Harm     .   (no gloves)
MR       .....                  (no boots)
Stlth    ++........             (no amulet)
HPRegen  0.17/turn              j - ring of poison resistance
MPRegen  0.12/turn              (no ring)

@: no status effects
A: claws 1, slimy green scales 2, powered by death 1
a: no special abilities


You were on level 5 of the Dungeon.
You were not hungry.

You visited 1 branch of the dungeon, and saw 5 of its levels.

You collected 266 gold pieces.

Inventory:

Hand Weapons
 a - a +0 mace
 g - a +2 mace of protection (weapon)
 v - a +1 hand axe of freezing
Missiles
 y - 6 javelins (quivered)
Armour
 b - a +0 leather armour (worn)
Jewellery
 j - a ring of poison resistance (left claw)
Wands
 u - a wand of digging (24)
Scrolls
 f - 5 scrolls of remove curse
 i - 3 scrolls of identify
 k - 2 scrolls of fog {unknown}
 l - a scroll of noise {unknown}
 q - 2 scrolls of enchant weapon {unknown}
 s - a scroll of magic mapping {unknown}
 t - a scroll of immolation {unknown}
 x - a scroll of random uselessness {unknown}
Potions
 e - 3 potions of might {unknown}
 h - 2 potions of heal wounds {unknown}
 m - 2 potions of degeneration {unknown}
 n - a potion of curing
 o - 2 potions of berserk rage {unknown}
 p - a potion of brilliance {unknown}
 r - a potion of agility {unknown}
 w - a potion of magic {unknown}
Books
 c - a book of Battle

   Spells                             Type                      Level
   a - Infusion                       Charms                       1
   b - Shroud of Golubria             Charms/Translocation         2
   c - Song of Slaying                Charms                       2
   d - Spectral Weapon                Hexes/Charms                 3
   e - Regeneration                   Charms/Necromancy            3
Comestibles
 d - 6 rations


   Skills:
 + Level 3.3 Fighting
 + Level 5.2 Maces & Flails
 + Level 2.5 Armour
 + Level 2.8 Dodging
 + Level 1.7 Stealth
 + Level 2.9 Spellcasting
 + Level 3.3 Charms
 + Level 0.7 Translocations


You had 8 spell levels left.
You knew the following spells:

 Your Spells              Type           Power        Failure   Level  Hunger
a - Infusion              Chrm           ##..         7%          1    #......
b - Shroud of Golubria    Chrm/Tloc      #.........   19%         2    ##.....


Dungeon Overview and Level Annotations

Branches:
Dungeon (5/15)
 Temple: D:4-7

Altars:
Cheibriados
Elyvilon
Makhleb
Wu Jian

Annotations:
D:5 Dowan, Duvessa, Pikel


Innate Abilities, Weirdness & Mutations

You have sharp fingernails.
You are mostly covered in slimy green scales. (AC +3)
You regenerate a little health from kills.


Message History

Duvessa gestures with her weapon.
Duvessa hits you with a short sword of speed.
Dowan mumbles some strange words.
Dowan blinks!
All of the chunks of flesh in your inventory have rotted away.
Dowan casts a spell.
Dowan blinks!
Duvessa hits you with a short sword of speed!
You closely miss Dowan.
Duvessa hits you with a short sword of speed!
Duvessa barely misses you. Dowan hits you but does no damage.
The ogre barely misses you.
As you read the scroll labeled RIUXOU NARILE, it crumbles to dust.
It is a scroll of identify.
f - 5 scrolls of remove curse Duvessa hits you with a short sword of speed!
* * * LOW HITPOINT WARNING * * *
Dowan barely misses you.
Duvessa hits you with a short sword of speed!
You die...

##.....##...##.....##
#.......#...#.......#
#.......'...'.......#
#.......#...#.......#
##.....##...##.....##
##...###...###...##
##### #...# #####
##...###.e.###...##
##.....##.@.##.....##
#.......#Oe.#.......#
#.......'...'.......#
#.......#...#.......#
##.....##...##.....##
##...###...###...##
##### #...# #####
#...###...##
#...##.....##


You could see Duvessa, an ogre and Dowan.

Vanquished Creatures
  Sigmund (D:4)
  Menkaure (D:4)
  A slave (D:4)
  A phantom (D:5)
  A howler monkey (D:5)
  A bullfrog zombie (D:5)
  A hound (D:3)
  Jessica (D:3)
  Ijyb (D:3)
  An orc wizard (D:4)
  A hound skeleton (D:4)
  3 gnolls (D:2)
  5 adders
  An ooze (D:3)
  4 worms
  An adder skeleton (D:4)
  4 leopard geckos
  7 orcs
  9 bats
  3 giant cockroaches
  7 goblins
  5 hobgoblins
  2 quokkas (D:2)
  6 frilled lizards
  A jackal zombie (D:5)
  7 kobolds
  5 rats
81 creatures vanquished.

Vanquished Creatures (others)
  An orc wizard (D:4)
1 creature vanquished.

Grand Total: 82 creatures vanquished

Notes
Turn   | Place    | Note
-------+----------+-------------------------------------------
     0 | D:1      | Kairos the Demonspawn Skald began the quest for the Orb.
     0 | D:1      | Reached XP level 1. HP: 16/16 MP: 3/3
   339 | D:1      | Gained mutation: You are partially covered in slimy green scales. (AC +2) [demonic ancestry]
   339 | D:1      | Reached XP level 2. HP: 22/22 MP: 5/5
   504 | D:1      | Reached skill level 2 in Maces & Flails
   839 | D:2      | Reached skill level 1 in Armour
  1246 | D:2      | Gained mutation: You have sharp fingernails. [demonic ancestry]
  1246 | D:2      | Reached XP level 3. HP: 26/28 MP: 1/6
  1568 | D:2      | Gained mutation: You regenerate a little health from kills. [demonic ancestry]
  1568 | D:2      | Reached XP level 4. HP: 34/34 MP: 7/7
  2035 | D:3      | Found a white marble altar of Elyvilon.
  2046 | D:3      | Found an ornate altar of the Wu Jian Council.
  2091 | D:3      | Found a snail-covered altar of Cheibriados.
  2187 | D:3      | Reached skill level 3 in Maces & Flails
  2271 | D:3      | Noticed Ijyb
  2286 | D:3      | Killed Ijyb
  2286 | D:3      | Gained mutation: You are mostly covered in slimy green scales. (AC +3) [demonic ancestry]
  2286 | D:3      | Reached XP level 5. HP: 34/39 MP: 2/8
  2397 | D:3      | Noticed Jessica
  2398 | D:3      | Found a burning altar of Makhleb.
  2412 | D:3      | Killed Jessica
  2412 | D:3      | Reached skill level 1 in Stealth
  2784 | D:4      | Noticed Sigmund
  2795 | D:4      | Learned a level 2 spell: Shroud of Golubria
  3088 | D:4      | Killed Sigmund
  3088 | D:4      | Reached skill level 4 in Maces & Flails
  3088 | D:4      | Reached XP level 6. HP: 10/47 MP: 6/9
  3716 | D:4      | Noticed Menkaure
  3762 | D:4      | Killed Menkaure
  3762 | D:4      | Reached XP level 7. HP: 16/52 MP: 5/11
  4069 | D:5      | Entered Level 5 of the Dungeon
  4147 | D:5      | Reached skill level 5 in Maces & Flails
  4215 | D:5      | Noticed Pikel
  4432 | D:5      | Noticed Duvessa
  4438 | D:5      | Noticed Dowan
  4469 | D:5      | Slain by Duvessa

Skill      XL: |  1  2  3  4  5  6  7 |
---------------+----------------------+-----
Maces & Flails | 2 3 4 5 |  5.2
Armour         | 1 2 |  2.5
Dodging        | 2 |  2.8
Stealth        | 1 |  1.7
Fighting       | 3 |  3.3
Charms         | 3 |  3.3
Spellcasting   | |  2.9
Translocations | |  0.7

Action                   |  1- 3 |  4- 6 |  7- 9 || total
-------------------------+-------+-------+-------++-------
Melee: Mace              |   100 |   172 |    86 ||   358
 Cast: Infusion          |     2 |     6 |       ||     8
       Shroud of Golubri |       |     6 |       ||     6
  Use: Scroll            |       |       |     1 ||     1
 Stab: Sleeping          |       |     1 |       ||     1
  Eat: Chunk             |     2 |     4 |     3 ||     9
       Ration            |       |     1 |       ||     1
Armor: Leather armour    |    35 |    68 |    40 ||   143
Dodge: Dodged            |    70 |    99 |    64 ||   233
